 Dungeon Crawl Stone Soup version 0.30.1-3-gfc49f6343a (webtiles) character file.

Game seed: 7267647690340604836

60 Bronimir the Ruffian (level 3, -10/28 HPs)
             Began as a Draconian Transmuter on July 29, 2023.
             Was a Believer of Dithmenos.
             Mangled by an ogre
             ... wielding a +0 giant club
              (20 damage)
             ... on level 3 of the Dungeon.
             The game lasted 00:02:55 (1949 turns).

Bronimir the Ruffian (Draconian Transmuter)         Turns: 1949, Time: 00:02:56

Health: -10/28     AC:  5    Str: 14    XL:     3   Next: 80%
Magic:  6/6        EV: 12    Int: 18    God:    Dithmenos [**....]
Gold:   186        SH:  0    Dex: 11    Spells: 0/6 levels left

rFire   + . .        k - +8 trident of Neetap {heavy, rF+ rN+ Will- Int+5}
rCold   . . .        (no shield)
rNeg    + . .        (body armour unavailable)
rPois   .            (helmet restricted)
rElec   .            (no cloak)
rCorr   .            (no gloves)
SInv    .            (no boots)
Will    .....        (no amulet)
Stlth   +            (no ring)
HPRegen 0.24/turn    (no ring)
MPRegen 0.10/turn

%: no passive effects
@: wreathed by umbra
A: AC +5, unfitting armour, cold-blooded
a: Renounce Religion, Shadow Step


You were on level 3 of the Dungeon.
You worshipped Dithmenos.
Dithmenos was pleased with you.
You visited 1 branch of the dungeon, and saw 3 of its levels.

You collected 186 gold pieces.

Inventory:

Hand Weapons
 k - the +8 trident of Neetap (weapon) {heavy, rF+ rN+ Will- Int+5}
   (You found it on level 2 of the Dungeon)

   Int:       It affects your intelligence (+5).
   rF:        It protects you from fire.
   rN:        It protects you from negative energy.
   Will:      It decreases your willpower.
Scrolls
 c - 2 scrolls of identify {unknown}
 d - a scroll of fear {unknown}
 e - a scroll of fog {unknown}
 h - a scroll of torment {unknown}
 i - a scroll of brand weapon {unknown}
Potions
 a - a potion of lignification
 b - a potion of heal wounds {unknown}
 f - 2 potions of curing {unknown}
 g - a potion of mutation {unknown}
 j - a potion of invisibility {unknown}
 l - a potion of flight {unknown}


   Skills:
 + Level 1.1 Fighting
 + Level 2.3 Dodging
 + Level 0.2 Stealth
 * Level 4.3 Unarmed Combat
 + Level 2.0 Spellcasting
 * Level 2.2 Transmutations


You couldn't memorise any spells.
You knew the following spells:

 Your Spells              Type           Power      Damage    Failure   Level
a - Beastly Appendage     Tmut           18%        N/A       8%          1
b - Wereblood             Tmut           9%         N/A       11%         2
c - Spider Form           Tmut/Pois      5%         N/A       34%         3

Your spell library contained the following spells:

 Spells                   Type           Power      Damage    Failure   Level
 Freeze                   Ice            4%         1d3       19%         1
 Frozen Ramparts          Ice            2%         1d1       47%         3
 Hailstorm                Conj/Ice       1%         3d3       47%         3
 Ice Form                 Ice/Tmut       5%         N/A       75%         4


Dungeon Overview and Level Annotations

Branches:
Dungeon (3/15)

Altars:
Cheibriados
Dithmenos


Innate Abilities, Weirdness & Mutations

Your plain brown scales are hard. (AC +5)
You cannot fit into any form of body armour.
You are cold-blooded and may be slowed by cold attacks.


Message History

No target in view!
No target in view!
There is a stone staircase leading up here.
An endoplasm comes into view.
Found a buckler.
The endoplasm quivers.
You reach to attack!
You puncture the endoplasm!
You kill the endoplasm!
Dithmenos accepts your kill.
No target in view!
No target in view!
You enter the shallow water.
Moving in this stuff is going to be slow.
A frilled lizard comes into view.
You closely miss the frilled lizard.
Your tail-slap misses the frilled lizard.
The frilled lizard barely misses you. The frilled lizard closely misses you.
You puncture the frilled lizard!
You kill the frilled lizard!
Dithmenos accepts your kill.
No target in view!
No target in view!
You see here a frilled lizard corpse.
An endoplasm and an ogre come into view.
The ogre shouts!
An adder comes into view.
The adder hisses angrily.
An endoplasm comes into view.
The ogre completely misses you.
The endoplasm quivers. x2
You puncture the ogre!
The ogre is heavily wounded.
You hear the slow rusting of a drain.
The ogre hits you with a +0 giant club!!
Ouch! That really hurt!
You completely miss the ogre.
The ogre is heavily wounded.
The ogre hits you with a +0 giant club!!
Ouch! That really hurt!
You die...

#.# #.# #.# . . #.# .
.. J ######### #.# .
#.#. ≈≈≈≈≈≈~~####.##.
#..J#
~~.~~~~~..##[#..
#SJ########~.........
###.#O@.# ###..##....
.........# #..##....
####.###.# #..##....
#.###.#######..#....#
#.....†.............#
##############.##...#
#.##..## #.##..#
#.....#


You could see an ogre, an adder and 2 endoplasms.

Vanquished Creatures
  An adder (D:2)
  A worm (D:2)
  A dart slug (D:2)
  4 endoplasms
  A giant cockroach (D:2)
  3 goblins
  6 hobgoblins
  2 quokkas
  3 ball pythons (D:1)
  6 bats
  3 frilled lizards
  4 kobolds
  8 rats
43 creatures vanquished.

Notes
Turn   | Place    | Note
-------+----------+-------------------------------------------
     0 | D:1      | Bronimir the Draconian Transmuter began the quest for the
                  | Orb.
     0 | D:1      | Reached XP level 1. HP: 16/16 MP: 3/3
   191 | D:1      | Found a faded altar of an unknown god.
   220 | D:1      | Prayed at the altar of an unknown god.
   220 | D:1      | Became a worshipper of Dithmenos the Shadowed
   220 | D:1      | Reached * piety under Dithmenos
   381 | D:1      | Reached XP level 2. HP: 17/23 MP: 5/5
  1022 | D:2      | Reached XP level 3. HP: 28/28 MP: 6/6
  1147 | D:2      | Learned a level 2 spell: Wereblood
  1151 | D:2      | Learned a level 3 spell: Spider Form
  1250 | D:2      | Reached skill level 4 in Unarmed Combat
  1531 | D:2      | Found a snail-covered altar of Cheibriados.
  1568 | D:2      | Identified the +8 trident of Neetap {heavy, rF+ rN+ Will-
                  | Int+5}
  1751 | D:2      | Reached ** piety under Dithmenos
  1944 | D:3      | Noticed an ogre
  1949 | D:3      | Mangled by an ogre

Illustrated notes

Levels and vault maps discovered:
D:1:      scummos_arrival_checkerplants, layout_basic,
          hellmonk_ecumenical_altar_lost_god
D:2:      layout_basic, basic_altar, nicolae_figureground_sparkle
D:3:      layout_loops_ring, mainiacjoe_overflow_small_starburst,
          nicolae_dithmenos_the_darkroom, serial_shops, shop,
          gammafunk_ghost_abyssal_escape, gup_sewer_entry_pipe,
          minmay_close_crescents

Skill      XL: |  1  2  3 |
---------------+----------+-----
Dodging        | 2 |  2.3
Unarmed Combat | 4 |  4.3
Fighting       | |  1.1
Stealth        | |  0.2
Spellcasting   | |  2.0
Transmutations | |  2.2

Action                     || total
---------------------------++-------
  Melee: Unarmed           ||   129
         Tailslap          ||    14
         Headbutt          ||     5
         Kick              ||     1
         Trident           ||     8
         Punch             ||     1
   Cast: Beastly Appendage ||     7
         Wereblood         ||     1
   Stab: Sleeping          ||     1
 Armour: Skin              ||    28
  Dodge: Dodged            ||   102
